 Seeded DCSS version 0.27.1-3-gb3d3a73c9e (webtiles) character file.

Game seed: 20211019 (custom seed)

203 jessy the Cudgeller (level 5, 0/46 HPs)
             Began as a Minotaur Gladiator on Oct 19, 2021.
             Succumbed to a scorpion's poison
             ... on level 4 of the Dungeon on Oct 20, 2021.
             The game lasted 00:11:03 (2135 turns).

jessy the Cudgeller (Minotaur Gladiator)            Turns: 2135, Time: 00:11:03

Health: 0/46       AC:  9    Str: 19    XL:     5   Next: 51%
Magic:  4/4        EV: 12    Int:  5    God:
Gold:   88         SH:  0    Dex: 12    Spells: 4/4 levels left

rFire    . . .     SeeInvis .   a - +0 flail
rCold    . . .     Faith    .   (no shield)
rNeg     . . .     Spirit   .   m - +0 chain mail
rPois    .         Reflect  .   c - +0 hat
rElec    .         Harm     .   (no cloak)
rCorr    .         Rampage  .   (no gloves)
Will     .....                  (no boots)
Stlth    ..........             (no amulet)
HPRegen  0.15/turn              j - +4 ring of evasion
MPRegen  0.09/turn              (no ring)

@: lethally poisoned (0 -> -12)
A: horns 2, retaliatory headbutt
a: no special abilities


You were on level 4 of the Dungeon.
You visited 1 branch of the dungeon, and saw 4 of its levels.

You collected 88 gold pieces.

Inventory:

Hand Weapons
 a - a +0 flail (weapon)
 f - a +3 whip
 r - a +0 spear
Missiles
 d - 3 throwing nets (quivered)
 e - 26 sling bullets
 n - 46 stones
 q - 39 bolts
Armour
 b - a +0 leather armour
 c - a +0 hat (worn)
 m - a +0 chain mail (worn)
Jewellery
 j - a +4 ring of evasion (left hand)
Wands
 o - a wand of paralysis (10)
Scrolls
 g - a scroll of enchant weapon {unknown}
 h - 3 scrolls of magic mapping {unknown}
 l - 4 scrolls of identify {unknown}
 p - a scroll of enchant armour {unknown}
 s - a scroll of fear {unknown}
Potions
 i - a potion of degeneration {unknown}
 k - 2 potions of curing {unknown}
 t - 3 potions of attraction


   Skills:
 + Level 4.0 Fighting
 + Level 5.1 Maces & Flails
 + Level 2.2 Throwing
 + Level 2.9 Armour
 + Level 4.0 Dodging
 + Level 0.2 Stealth


You had 4 spell levels left.
You didn't know any spells.
Your spell library contained the following spells:

 Spells                   Type           Power      Damage    Failure   Level
 Foxfire                  Conj/Fire      0%         2x1d4     99%         1
 Conjure Flame            Conj/Fire      0%         6-21      100%        3
 Ignite Poison            Fire/Tmut/Pois 0%         N/A       100%        3
 Inner Flame              Hex/Fire       0%         N/A       100%        3
 Sticky Flame             Conj/Fire      0%         2d3       100%        4


Dungeon Overview and Level Annotations

Branches:
Dungeon (4/15)
 Temple: D:4-7

Altars:


Innate Abilities, Weirdness & Mutations

You have a pair of horns on your head.
You reflexively headbutt those who attack you in melee.


Message History

You are poisoned.
The scorpion poisons you! The iguana bites you. The scorpion barely misses you.
You thump the iguana! You headbutt the iguana.
You kill the iguana!
You feel very sick.
The scorpion stings you but does no damage.
Your Fighting skill increases to level 4!
You hit the water moccasin skeleton.
You headbutt the water moccasin skeleton!
The water moccasin skeleton is moderately damaged.
You feel very sick. The scorpion closely misses you. You furiously retaliate!
You headbutt the scorpion, but do no damage.
The water moccasin skeleton barely misses you.
You furiously retaliate!
You headbutt the water moccasin skeleton.
You closely miss the scorpion. Your headbutt misses the scorpion.
You feel sick. The scorpion barely misses you.
The water moccasin skeleton closely misses you.
The scorpion stings you but does no damage.
The water moccasin skeleton bites you.
You hit the scorpion but do no damage.
You feel sick. The scorpion stings you.
* * * LOW HITPOINT WARNING * * *
The water moccasin skeleton barely misses you.
Your chain mail prevents you from hitting the scorpion.
You feel sick. The scorpion barely misses you. You furiously retaliate!
You headbutt the scorpion.
The water moccasin skeleton barely misses you.
You hit the scorpion.
The scorpion is heavily wounded.
You feel sick. The scorpion misses you. The water moccasin skeleton misses you.
The scorpion barely misses you. You furiously retaliate!
You headbutt the scorpion, but do no damage.
The water moccasin skeleton bites you.
* * * LOW HITPOINT WARNING * * *
You feel sick. The scorpion stings you.
* * * LOW HITPOINT WARNING * * *
You are lethally poisoned!
The scorpion poisons you!
You die...

..#.# #.#.#
#.#.# #...#
##..####
###.....#
##.#####.##....#
.[........#....#
.......Z.@)>...#
.......s..#....#
..........#....#
..........#....#
################


You could see a scorpion and a water moccasin skeleton.

Vanquished Creatures
  An ogre (D:4)
  An iguana (D:4)
  3 adders
  3 orcs (D:4)
  4 endoplasms
  A giant cockroach (D:3)
  6 goblins
  7 hobgoblins
  9 kobolds
  3 quokkas (D:1)
  6 ball pythons
  5 bats
  2 frilled lizards (D:3)
  3 rats
54 creatures vanquished.

Notes
Turn   | Place    | Note
-------+----------+-------------------------------------------
     0 | D:1      | jessy the Minotaur Gladiator began the quest for the Orb.
     0 | D:1      | Reached XP level 1. HP: 18/18 MP: 0/0
    26 | D:2      | Reached XP level 2. HP: 12/25 MP: 1/1
   342 | D:2      | Reached skill level 4 in Maces & Flails
   371 | D:2      | Found a faded altar of an unknown god.
   757 | D:1      | Reached skill level 1 in Armour
   796 | D:1      | Reached XP level 3. HP: 30/30 MP: 2/2
  1994 | D:4      | Reached XP level 4. HP: 26/39 MP: 3/3
  2115 | D:4      | Noticed an ogre
  2122 | D:4      | Killed an ogre
  2123 | D:4      | Reached skill level 5 in Maces & Flails
  2123 | D:4      | Reached XP level 5. HP: 39/46 MP: 4/4
  2134 | D:4      | HP: 2/46 [scorpion (2)]
  2135 | D:4      | Succumbed to a scorpion's poison

Illustrated notes

Levels and vault maps discovered:
D:1:      heliophobic_arrival_battle_scene, layout_basic
D:2:      layout_rooms, basic_ecumenical_altar, uniq_jessica
D:3:      layout_rooms
D:4:      layout_basic, minmay_temple_entry_butterflies, serial_shops,
          kennysheep_little_box, uniq_ijyb

Skill      XL: |  1  2  3  4  5 |
---------------+----------------+-----
Maces & Flails | 4 5 |  5.1
Armour         | 1 2 |  2.9
Fighting       | 3 4 |  4.0
Dodging        | 4 |  4.0
Throwing       | |  2.2
Stealth        | |  0.2

Action                   |  1- 3 |  4- 6 || total
-------------------------+-------+-------++-------
Melee: Flail             |    76 |    18 ||    94
       Headbutt          |     4 |     6 ||    10
  Use: Scroll            |     1 |       ||     1
       Potion            |     1 |       ||     1
Armor: Leather armour    |    19 |       ||    19
       Chain mail        |    12 |     6 ||    18
Dodge: Dodged            |    91 |    25 ||   116
